 Dungeon Crawl Stone Soup version 0.30-a0-596-g0af90f9a20 (webtiles) character file.

Game seed: 672900108858757115

23938 wormed the Cruncher (level 13, -5/88 (99) HPs)
             Began as a Gnoll Wanderer on Jan 6, 2023.
             Was a High Priest of Cheibriados.
             Slain by a spectral orc warrior
             ... wielding a +0 trident
             ... summoned by Nergalle
              (9 damage)
             ... on level 3 of the Lair of Beasts on Jan 7, 2023.
             The game lasted 00:40:12 (17579 turns).

wormed the Cruncher (Gnoll Wanderer)               Turns: 17579, Time: 00:40:12

HP:   -5/88 (99)    AC: 11    Str: 28    XL:     13   Next: 9%
MP:   23/25         EV: 22    Int: 25    God:    Cheibriados [*****.]
Gold: 697           SH:  0    Dex: 35    Spells: 16/29 levels left

rFire   . . .      SeeInvis .    a - +3 quarterstaff
rCold   . . .      Faith    .    (shield currently unavailable)
rNeg    . . .      Spirit   .    m - +0 troll leather armour
rPois   .          Reflect  .    (no helmet)
rElec   .          Harm     .    E - +2 cloak
rCorr   .          Rampage  .    j - +0 pair of gloves
Will    .....                    y - +0 pair of boots
Stlth   +++++                    C - amulet of magic regeneration
HPRegen 1.14/turn                M - +6 ring of dexterity
MPRegen 0.59/turn                K - +6 ring of strength

@: lethally poisoned (-5 -> -9), heavily drained, very slow
A: fangs 1, strong nose, distributed training
a: Renounce Religion, Bend Time, Temporal Distortion, Slouch, Step From Time


You were on level 3 of the Lair of Beasts.
You worshipped Cheibriados.
Cheibriados was extremely pleased with you.
You visited 3 branches of the dungeon, and saw 16 of its levels.

You collected 1054 gold pieces.
You spent 357 gold pieces at shops.

Inventory:

Hand Weapons
 a - a +3 quarterstaff (weapon)
Missiles
 n - 3 poisoned darts (quivered)
 v - 6 curare-tipped darts
Armour
 e - an orb of energy
 j - a +0 pair of gloves (worn)
 m - a +0 troll leather armour (worn)
 y - a +0 pair of boots (worn)
 E - a +2 cloak (worn)
Jewellery
 r - a ring of see invisible
 w - an amulet of reflection
 C - an amulet of magic regeneration (around neck)
 G - a ring of magical power
 H - a ring of protection from cold
 J - a ring of positive energy
 K - a +6 ring of strength (right hand)
 L - an amulet of guardian spirit
 M - a +6 ring of dexterity (left hand)
Wands
 c - a wand of flame (20)
 A - a wand of mindburst (12)
 F - a wand of polymorph (5)
Scrolls
 f - 3 scrolls of blinking
 l - 6 scrolls of vulnerability
 o - 4 scrolls of immolation
 t - 2 scrolls of fear
 x - a scroll of enchant weapon
 B - 2 scrolls of teleportation
 I - 6 scrolls of identify
Potions
 b - 3 potions of might
 d - 8 potions of attraction
 g - 9 potions of brilliance
 h - a potion of flight
 i - 4 potions of cancellation
 k - a potion of berserk rage
 p - a potion of resistance
 q - a potion of invisibility
 s - 3 potions of mutation
 u - 3 potions of lignification
 z - a potion of magic {unknown}
 D - 2 potions of curing


   Skills:
 + Level 8.7 Fighting
 + Level 8.2 Short Blades
 + Level 8.2 Long Blades
 + Level 8.2 Axes
 + Level 8.2 Maces & Flails
 + Level 8.2 Polearms
 + Level 11.8 Staves
 + Level 8.7 Ranged Weapons
 + Level 8.2 Throwing
 + Level 8.7 Armour
 + Level 8.2 Dodging
 + Level 8.2 Stealth
 + Level 8.2 Shields
 + Level 8.2 Unarmed Combat
 + Level 8.8 Spellcasting
 + Level 6.8 Conjurations
 + Level 6.8 Hexes
 + Level 6.8 Summonings
 + Level 6.8 Necromancy
 + Level 6.8 Translocations
 + Level 6.8 Transmutations
 + Level 6.8 Fire Magic
 + Level 6.8 Ice Magic
 + Level 6.8 Air Magic
 + Level 6.8 Earth Magic
 + Level 6.8 Poison Magic
 + Level 9.0 Invocations
 + Level 9.5 Evocations


You had 16 spell levels left.
You knew the following spells:

 Your Spells              Type           Power      Damage    Failure   Level
a - Call Canine Familiar  Summ           45%        N/A       1%          3
b - Manifold Assault      Tloc           45%        N/A       3%          4
e - Ensorcelled Hibernat  Hex/Ice        90%        N/A       1%          2
k - Blink                 Tloc           90%        N/A       1%          2
p - Passwall              Tmut/Erth      37%        N/A       1%          2

Your spell library contained the following spells:

 Spells                   Type           Power      Damage    Failure   Level
 Foxfire                  Conj/Fire      100%       2x1d9     1%          1
 Summon Small Mammal      Summ           100%       N/A       1%          1
 Cigotuvi's Dreadful Rot  Necr/Pois/Air  90%        N/A       1%          2
 Poisonous Vapours        Pois/Air       90%        N/A       1%          2
 Hailstorm                Conj/Ice       45%        3d10      1%          3
 Mephitic Cloud           Conj/Pois/Air  45%        N/A       1%          3
 Stone Arrow              Conj/Erth      90%        3d12      1%          3
 Summon Guardian Golem    Hex/Summ       45%        N/A       1%          3
 Swiftness                Air            45%        N/A       1%          3
 Animate Armour           Summ/Erth      90%        N/A       3%          4
 Ice Form                 Ice/Tmut       45%        N/A       3%          4
 Fireball                 Conj/Fire      22%        3d10      10%         5
 Simulacrum               Ice/Necr       22%        N/A       50%         6
 Starburst                Conj/Fire      22%        6d8       50%         6
 Storm Form               Tmut/Air       22%        N/A       97%         7
 Lehudib's Crystal Spear  Conj/Erth      22%        10d6      100%        8


Dungeon Overview and Level Annotations

Branches:
Dungeon (12/15)            Temple (1/1) D:5            Lair (3/5) D:11
  Snake (0/4) Lair:2          Orc (0/2) D:10
  Swamp: Lair:2-3    Shoals: Lair:2-3

Altars:
Ashenzari
Cheibriados
Dithmenos
Elyvilon
Fedhas
Gozag
Hepliaklqana
Kikubaaqudgha
Makhleb
Nemelex Xobeh
Okawaru
Qazlal
Ru
Sif Muna
Trog
Uskayaw
Vehumet
Wu Jian
Xom
Yredelemnul
Zin
The Shining One

Shops:
D:4 (!*[   D:8 (   D:11 (

Annotations:
D:5 1 runed translucent door
D:12 Kirke
Lair:1 1 runed translucent door, Theoretic's ghost, novice VSFi
Lair:3 Nergalle


Innate Abilities, Weirdness & Mutations

You have very sharp teeth.
Your uncanny sense of smell can sniff out nearby items.
Your experience applies equally to all skills.


Message History

You feel sick.
Your wolf bites the spectral orc warrior!
Nergalle hits you with a +1 dagger of venom.
You are more poisoned.
The spectral orc warrior closely misses you.
The spectral orc warrior hits you with a +0 war axe.
The spectral orc warrior completely misses your wolf.
The spectral orc warrior barely misses you.
The spectral orc knight hits you from afar with a +0 glaive!
* * * LOW HITPOINT WARNING * * *
You feel drained.
* * * LOW HITPOINT WARNING * * *
The bullfrog hits your wolf.
The spectral orc warlord completely misses you.
Your wolf bites the spectral orc warrior.
Casting: Call Canine Familiar (safe; 1% risk of failure)
Confirm with . or Enter, or press ? or * to list all spells.
Aiming: Passwall (safe; 1% risk of failure)
Press: ? - help, Dir - move target A rock wall.
You feel sick. The bullfrog barely misses your wolf.
Your wolf completely misses the spectral orc warrior.
Nergalle hits you with a +1 dagger of venom.
* * * LOW HITPOINT WARNING * * *
You are more poisoned.
The spectral orc warrior hits you but does no damage.
The spectral orc warrior barely misses your wolf.
The spectral orc warrior misses you. x2; The spectral orc knight misses you.
The spectral orc warlord completely misses you.
The bullfrog hits your wolf!
Your wolf dies!
Your wolf's corpse disappears in a puff of smoke!
You begin to meditate on the wall.
You continue meditating on the rock.
You feel very sick.
Nergalle mutters something.
Nergalle hits you but does no damage.
The spectral orc warrior hits you with a +0 war axe!
* * * LOW HITPOINT WARNING * * *
The spectral orc warrior hits you from afar with a +0 trident!
You die...

.......####...##.....#
......................##
........................
.......................
.......................
##...............##.#.
#.[.ZZ...............#
##.....##.####...##...
#...Z@###..###....#...
#...ZoP#.....##.......
##..Z.##......#.......
#.F...#..........#....
#.....###.#.###.......
........#....##...####.
....................# .
...................... .
..#####.######.#.##


You could see Nergalle, 3 spectral orc warriors, a spectral orc knight
(summoned), a spectral orc warlord (summoned) and a bullfrog.

Vanquished Creatures
  A catoblepas (Lair:3)
  A hydra (Lair:1)
  4 two-headed ogres
  3 boulder beetles
  2 centaur warriors (D:8)
  A death yak (D:11)
  An ugly thing (D:11)
  2 cyclopes
  2 black mambas (Lair:1)
  A cane toad (Lair:2)
  2 rime drakes (Lair:2)
  2 komodo dragons (Lair:2)
  2 trolls (D:11)
  4 polar bears (Lair:2)
  4 hornets
  7 blink frogs
  5 dream sheep (Lair:1)
  A nameless horror (D:6)
  A wraith (D:11)
  2 basilisks
  2 wyverns
  12 yaks
  2 steam dragons
  4 vampire mosquitoes
  2 nagas (Lair:2)
  3 acid dragons
  6 water moccasins
  4 orc warriors
  An ice beast (D:7)
  4 black bears (Lair:2)
  2 ogres
  3 centaurs (D:8)
  A phantom (D:4)
  3 kobold brigands
  3 bullfrogs
  5 gnoll sergeants
  2 scorpions (D:6)
  3 necrophages
  8 killer bees
  An electric eel (D:11)
  5 howler monkeys
  2 hounds
  6 orc priests
  2 jellies (D:4)
  A gnoll bouda (D:7)
  4 iguanas
  3 orc wizards
  4 hell rats (D:11)
  23 gnolls
  10 adders
  A river rat (D:11)
  2 shadow imps
  3 white imps
  2 ufetubi
  4 dart slugs
  25 orcs
  8 endoplasms
  3 giant cockroaches
  7 goblins
  6 hobgoblins
  11 jackals
  29 kobolds
  3 quokkas
  10 ball pythons
  3 bats
  11 frilled lizards
  4 rats
311 creatures vanquished.

Vanquished Creatures (collateral kills)
  2 blink frogs
  2 yaks (Lair:2)
  2 basilisks
  A black bear (Lair:2)
  A bullfrog (Lair:2)
  A killer bee (D:9)
  2 howler monkeys
  A gnoll (D:6)
  An orc (D:9)
13 creatures vanquished.

Vanquished Creatures (others)
  A fungus (Lair:2)
  8 plants
9 creatures vanquished.

Grand Total: 333 creatures vanquished

Notes
Turn   | Place    | Note
-------+----------+-------------------------------------------
     0 | D:1      | wormed the Gnoll Wanderer began the quest for the Orb.
     0 | D:1      | wormed set off with the following items: a +2 quarterstaff,
                  | a +0 sling, a wand of flame (3), a potion of attraction, a
                  | +0 robe.
     0 | D:1      | Reached XP level 1. HP: 17/17 MP: 4/4
    40 | D:1      | Found a faded altar of an unknown god.
   138 | D:1      | Reached XP level 2. HP: 23/23 MP: 5/5
   912 | D:2      | Reached XP level 3. HP: 24/28 MP: 7/7
   918 | D:2      | Reached skill level 1 in Invocations
   975 | D:2      | Reached skill level 1 in Short Blades
   975 | D:2      | Reached skill level 1 in Long Blades
   975 | D:2      | Reached skill level 1 in Axes
   975 | D:2      | Reached skill level 1 in Maces & Flails
   975 | D:2      | Reached skill level 1 in Polearms
   975 | D:2      | Reached skill level 1 in Throwing
   975 | D:2      | Reached skill level 1 in Dodging
   975 | D:2      | Reached skill level 1 in Stealth
   975 | D:2      | Reached skill level 1 in Shields
   975 | D:2      | Reached skill level 1 in Unarmed Combat
  1120 | D:2      | Reached XP level 4. HP: 30/34 MP: 8/8
  1621 | D:3      | Found a shimmering altar of Xom.
  1656 | D:3      | Found a hide-covered altar of Uskayaw.
  1712 | D:3      | Reached skill level 1 in Conjurations
  1712 | D:3      | Reached skill level 1 in Hexes
  1712 | D:3      | Reached skill level 1 in Summonings
  1712 | D:3      | Reached skill level 1 in Necromancy
  1712 | D:3      | Reached skill level 1 in Translocations
  1712 | D:3      | Reached skill level 1 in Transmutations
  1712 | D:3      | Reached skill level 1 in Fire Magic
  1712 | D:3      | Reached skill level 1 in Ice Magic
  1712 | D:3      | Reached skill level 1 in Air Magic
  1712 | D:3      | Reached skill level 1 in Earth Magic
  1712 | D:3      | Reached skill level 1 in Poison Magic
  1920 | D:3      | Found a blossoming altar of Fedhas.
  2036 | D:3      | Reached XP level 5. HP: 27/40 MP: 9/9
  2181 | D:3      | Found a white marble altar of Elyvilon.
  2181 | D:3      | Found a glowing golden altar of the Shining One.
  2181 | D:3      | Found an ancient bone altar of Kikubaaqudgha.
  2181 | D:3      | Found an ornate altar of the Wu Jian Council.
  2188 | D:3      | Found a sparkling altar of Nemelex Xobeh.
  2525 | D:4      | Found Jiqew's Weapon Shoppe.
  2576 | D:4      | Found Buzid's Magic Scroll Shop.
  2687 | D:4      | Reached XP level 6. HP: 43/47 MP: 9/11
  2727 | D:4      | Found Efelix's Distillery.
  3019 | D:4      | Found Niatus's Assorted Antiques.
  3148 | D:4      | Reached skill level 5 in Evocations
  3262 | D:4      | Found Myqam's Armour Shoppe.
  3562 | D:5      | Entered Level 5 of the Dungeon
  3649 | D:5      | Reached XP level 7. HP: 50/52 MP: 12/12
  3671 | D:5      | Found a staircase to the Ecumenical Temple.
  3863 | Temple   | Entered the Ecumenical Temple
  3987 | D:5      | Learned a level 3 spell: Call Canine Familiar
  3990 | D:5      | Learned a level 2 spell: Ensorcelled Hibernation
  3993 | D:5      | Learned a level 2 spell: Passwall
  4216 | D:5      | Reached skill level 9 in Staves
  4514 | D:5      | Found a runed translucent door.
  4578 | D:5      | Found a radiant altar of Vehumet.
  4932 | D:4      | Bought a scroll of identify for 26 gold pieces
  4932 | D:4      | Bought a scroll of identify for 26 gold pieces
  4932 | D:4      | Bought a scroll of identify for 26 gold pieces
  4932 | D:4      | Bought a scroll of identify for 26 gold pieces
  4932 | D:4      | Bought a scroll of fear for 52 gold pieces
  4932 | D:4      | Bought a scroll of identify for 26 gold pieces
  4932 | D:4      | Bought a scroll of identify for 26 gold pieces
  4932 | D:4      | Bought a scroll of blinking for 97 gold pieces
  5140 | D:6      | Noticed a nameless horror
  5250 | D:6      | Reached XP level 8. HP: 35/60 MP: 12/14
  5475 | D:4      | Bought a scroll of immolation for 52 gold pieces
  5606 | D:6      | Killed a nameless horror
  6142 | D:6      | Found a sacrificial altar of Ru.
  6875 | D:7      | Reached XP level 9. HP: 60/66 MP: 16/16
  7114 | D:7      | Reached skill level 5 in Spellcasting
  7608 | D:7      | Found a shimmering blue altar of Sif Muna.
  7933 | D:8      | Reached skill level 5 in Fighting
  7933 | D:8      | Reached skill level 5 in Ranged Weapons
  7933 | D:8      | Reached skill level 5 in Armour
  7972 | D:8      | Found Qisaf's Weapon Shop.
  8230 | D:8      | Noticed a two-headed ogre
  8259 | D:8      | Killed a two-headed ogre
  8260 | D:8      | Reached skill level 5 in Invocations
  8630 | D:8      | Noticed a boulder beetle
  8654 | D:9      | Noticed a hornet
  8887 | D:8      | Reached skill level 5 in Short Blades
  8887 | D:8      | Reached skill level 5 in Long Blades
  8887 | D:8      | Reached skill level 5 in Axes
  8887 | D:8      | Reached skill level 5 in Maces & Flails
  8887 | D:8      | Reached skill level 5 in Polearms
  8887 | D:8      | Reached skill level 5 in Throwing
  8887 | D:8      | Reached skill level 5 in Dodging
  8887 | D:8      | Reached skill level 5 in Stealth
  8887 | D:8      | Reached skill level 5 in Shields
  8887 | D:8      | Reached skill level 5 in Unarmed Combat
  8887 | D:8      | Reached XP level 10. HP: 76/76 MP: 7/18
  8981 | D:8      | Noticed a boulder beetle
  9122 | D:8      | Noticed a centaur warrior
  9157 | D:9      | Reached skill level 10 in Staves
  9451 | D:9      | Found a snail-covered altar of Cheibriados.
  9452 | D:9      | Found an iron altar of Okawaru.
  9555 | D:9      | Became a worshipper of Cheibriados the Contemplative
 10297 | D:9      | Reached * piety under Cheibriados
 10718 | D:8      | Noticed a centaur warrior
 10753 | D:8      | Killed a centaur warrior
 11221 | D:10     | Entered Level 10 of the Dungeon
 11319 | D:10     | Found a staircase to the Orcish Mines.
 11489 | D:10     | Reached ** piety under Cheibriados
 11628 | D:10     | Noticed a two-headed ogre
 11642 | D:10     | Killed a two-headed ogre
 11720 | D:10     | Paralysed by a hornet for 1 turns
 11727 | D:10     | Reached skill level 5 in Conjurations
 11727 | D:10     | Reached skill level 5 in Hexes
 11727 | D:10     | Reached skill level 5 in Summonings
 11727 | D:10     | Reached skill level 5 in Necromancy
 11727 | D:10     | Reached skill level 5 in Translocations
 11727 | D:10     | Reached skill level 5 in Transmutations
 11727 | D:10     | Reached skill level 5 in Fire Magic
 11727 | D:10     | Reached skill level 5 in Ice Magic
 11727 | D:10     | Reached skill level 5 in Air Magic
 11727 | D:10     | Reached skill level 5 in Earth Magic
 11727 | D:10     | Reached skill level 5 in Poison Magic
 11727 | D:10     | Reached XP level 11. HP: 57/83 MP: 15/21
 11898 | D:10     | Learned a level 2 spell: Blink
 11903 | D:10     | Learned a level 4 spell: Manifold Assault
 12329 | D:11     | Found Lebin's Weapon Boutique.
 12757 | D:11     | Noticed a boulder beetle
 12773 | D:11     | Killed a boulder beetle
 13079 | D:11     | Noticed a cyclops
 13208 | D:8      | Noticed a centaur warrior
 13223 | D:8      | Killed a centaur warrior
 13223 | D:8      | Reached *** piety under Cheibriados
 13303 | D:8      | Noticed a cyclops
 13330 | D:8      | Killed a cyclops
 13605 | D:8      | Killed a boulder beetle
 13768 | D:8      | Noticed a boulder beetle
 13783 | D:8      | Killed a boulder beetle
 13971 | D:11     | Noticed a green ugly thing
 13991 | D:11     | Killed a green ugly thing
 14098 | D:11     | Reached skill level 11 in Staves
 14342 | D:11     | Noticed a death yak
 14345 | D:11     | Killed a cyclops
 14347 | D:11     | Noticed a death yak
 14348 | D:11     | Noticed a death yak
 14364 | D:11     | Killed a death yak
 14479 | D:12     | Noticed a two-headed ogre
 14531 | D:12     | Noticed a two-headed ogre
 14551 | D:12     | Reached XP level 12. HP: 80/91 MP: 23/23
 14562 | D:12     | Killed a two-headed ogre
 14631 | D:12     | Noticed Kirke
 14733 | D:11     | Noticed a two-headed ogre
 14744 | D:11     | Killed a two-headed ogre
 14815 | D:11     | Found a staircase to the Lair.
 15246 | D:11     | Found an iron altar of Okawaru.
 15250 | D:11     | Reached **** piety under Cheibriados
 15384 | Lair:1   | Entered Level 1 of the Lair of Beasts
 15401 | Lair:1   | Noticed a five-headed hydra
 15413 | Lair:1   | Killed a five-headed hydra
 15804 | Lair:1   | Noticed Theoretic's ghost (novice VSFi)
 15807 | Lair:1   | Found a runed translucent door.
 16576 | Lair:2   | Found a staircase to the Snake Pit.
 16647 | Lair:2   | Found a frozen archway.
 16717 | Lair:2   | Reached ***** piety under Cheibriados
 16958 | Lair:2   | Identified the +9 great sword "Exki" {vamp, rN+ Dex+3}
 17031 | Lair:2   | Reached XP level 13. HP: 99/99 MP: 25/25
 17565 | Lair:3   | Noticed Nergalle
 17579 | Lair:3   | HP: 4/88 [spectral orc warrior/+0 war axe[Nergalle] (9)]
 17579 | Lair:3   | Slain by a spectral orc warrior

Illustrated notes

Levels and vault maps discovered:
D:1:      psy_arrival_radial01, layout_basic, ebering_ecumenical_altar_webs
D:2:      layout_loops_ring
D:3:      layout_loops_ring, minitemple, general_overflow_altar, serial_glass,
          glass_columns_a, glass_columns_b, minmay_tree_intersection,
          minmay_lizard_king
D:4:      layout_gridville, serial_shops, nicolae_lakefront_shop, shop,
          nicolae_shop_statue_plus, nicolae_stop_n_shop_2,
          nicolae_shop_hallway_stairs
D:5:      layout_loops_corners, fiery_altar_vehumet,
          minmay_temple_entry_gardened_gates, lightli_church_of_beogh
D:6:      layout_basic, hangedman_ru_absence
D:7:      layout_loops_corners, lemuel_blue_sif_altar
D:8:      hangedman_cross_veins, layout_loops_ring, serial_shops,
          nicolae_shop_advertising_works [nicolae_subvault_shop_adworks]
D:9:      layout_stronghold, gammafunk_temple_overflow_pools,
          minmay_misc_feat_doors, kennysheep_nub
D:10:     layout_roguey, david_orc_3
D:11:     layout_basic, dpeg_lair_monsters, serial_shops, shop_statue,
          kennysheep_okawaru_gauntlet
D:12:     layout_long_grid, serial_shops, nicolae_take_the_stairs, uniq_kirke
Temple:   nicolae_temple_ecumenical_triangle
Lair:1:   layout_regular_city, hellmonk_ghost_happy_afterlife,
          serial_bayou_crossing
Lair:2:   beast_lair_carwin_large_3, layout_cave_pods,
          guppyfry_snake_entry_island, portal_ice_cave_rime
Lair:3:   layout_regular_city, elwin_shoals_entry_stream, ebering_ghost_xom,
          forest_entry_grove, uniq_nergalle

Skill      XL: |  1  2  3  4  5  6  7  8  9 10 11 12 13 |
---------------+----------------------------------------+-----
Invocations    | 1 2 3 4 5 6 7 8 9 |  9.0
Short Blades   | 1 2 3 5 6 7 8 |  8.2
Long Blades    | 1 2 3 5 6 7 8 |  8.2
Axes           | 1 2 3 5 6 7 8 |  8.2
Maces & Flails | 1 2 3 5 6 7 8 |  8.2
Polearms       | 1 2 3 5 6 7 8 |  8.2
Throwing       | 1 2 3 5 6 7 8 |  8.2
Dodging        | 1 2 3 5 6 7 8 |  8.2
Stealth        | 1 2 3 5 6 7 8 |  8.2
Shields        | 1 2 3 5 6 7 8 |  8.2
Unarmed Combat | 1 2 3 5 6 7 8 |  8.2
Spellcasting   | 3 4 5 6 7 8 |  8.8
Conjurations   | 1 2 3 4 5 6 |  6.8
Hexes          | 1 2 3 4 5 6 |  6.8
Summonings     | 1 2 3 4 5 6 |  6.8
Necromancy     | 1 2 3 4 5 6 |  6.8
Translocations | 1 2 3 4 5 6 |  6.8
Transmutations | 1 2 3 4 5 6 |  6.8
Fire Magic     | 1 2 3 4 5 6 |  6.8
Ice Magic      | 1 2 3 4 5 6 |  6.8
Air Magic      | 1 2 3 4 5 6 |  6.8
Earth Magic    | 1 2 3 4 5 6 |  6.8
Poison Magic   | 1 2 3 4 5 6 |  6.8
Fighting       | 3 4 5 6 7 8 |  8.7
Ranged Weapons | 3 4 5 6 7 8 |  8.7
Armour         | 3 4 5 6 7 8 |  8.7
Evocations     | 5 6 7 8 9 |  9.5
Staves         | 9 10 11 | 11.8

Action                   |  1- 3 |  4- 6 |  7- 9 | 10-12 | 13-15 || total
-------------------------+-------+-------+-------+-------+-------++-------
Melee: Quarterstaff      |    78 |   146 |   386 |   638 |    34 ||  1282
       Bite              |     3 |    12 |    55 |   104 |     6 ||   180
Throw: Dart              |       |       |       |    66 |       ||    66
 Cast: Call Canine Famil |       |       |    24 |    52 |     4 ||    80
       Ensorcelled Hiber |       |       |     2 |     1 |       ||     3
       Passwall          |       |       |       |     1 |     1 ||     2
       Manifold Assault  |       |       |       |     4 |     3 ||     7
Evoke: Wand              |       |       |       |     9 |       ||     9
  Use: Scroll            |       |     4 |     8 |    10 |       ||    22
       Potion            |       |       |       |     3 |       ||     3
 Stab: Sleeping          |     3 |     6 |     3 |     2 |       ||    14
       Distracted        |       |       |       |     7 |     2 ||     9
Armor: Robe              |    16 |    19 |    37 |       |       ||    72
       Leather armour    |       |       |    63 |   119 |       ||   182
       Troll leather arm |       |       |       |    54 |    14 ||    68
Dodge: Dodged            |    30 |    67 |   173 |   493 |    52 ||   815
Block: Other             |       |    13 |    29 |     4 |       ||    46
       Reflection        |       |     1 |       |       |       ||     1

Table legend: (Time is in decaauts)
 A = Elapsed time spent in this place.
 B = Non-inter-level travel time spent in this place.
 C = Inter-level travel time spent in this place.
 D = Time resting spent in this place.
 E = Time spent auto-exploring this place.
 F = Levels seen in this place.
 G = Mean time per level.
                   A        B        C        D        E       F      G
               +--------+--------+--------+--------+--------+-----+--------+
         Total |  20137 |  18502 |   1635 |    289 |  14368 |  16 | 1258.6 |
       Dungeon |  16691 |  15204 |   1487 |    289 |  11605 |  12 | 1390.9 |
        Temple |     27 |     26 |      1 |      0 |     18 |   1 |   27.0 |
          Lair |   3417 |   3271 |    146 |      0 |   2744 |   3 | 1139.0 |
               +--------+--------+--------+--------+--------+-----+--------+

Top non-repeatable levels by time:
    D:11: 2976 daAuts
     D:8: 2272 daAuts
     D:9: 2091 daAuts
  Lair:2: 1644 daAuts
  Lair:1: 1467 daAuts
    D:10: 1443 daAuts
     D:5: 1391 daAuts
     D:7: 1329 daAuts
     D:6: 1213 daAuts
     D:3: 1173 daAuts
     D:4: 1065 daAuts
     D:1: 873 daAuts
     D:2: 714 daAuts
  Lair:3: 305 daAuts
    D:12: 148 daAuts
